 Dungeon Crawl Stone Soup version 0.28.0-43-g3370ac3207 (webtiles) character file.

Game seed: 17752055861432262379

205 Kaptain the Digger (level 5, -10/45 HPs)
             Began as a Deep Elf Earth Elementalist on Mar 17, 2022.
             Mangled by an iguana (11 damage)
             ... on level 4 of the Dungeon.
             The game lasted 00:06:16 (3167 turns).

Kaptain the Digger (Deep Elf Earth Elementalist)    Turns: 3167, Time: 00:06:17

Health: -10/45     AC:  3    Str:  5    XL:     5   Next: 52%
Magic:  2/13       EV: 12    Int: 22    God:
Gold:   114        SH:  0    Dex: 15    Spells: 6/12 levels left

rFire   . . .      SeeInvis .   b - +3 dagger (protect)
rCold   . . .      Faith    .   (no shield)
rNeg    . . .      Spirit   .   g - +0 leather armour
rPois   .          Reflect  .   (no helmet)
rElec   .          Harm     .   (no cloak)
rCorr   .          Rampage  .   (no gloves)
Will    .....                   (no boots)
Stlth   ..........              (no amulet)
HPRegen 0.15/turn               (no ring)
MPRegen 0.13/turn               (no ring)

@: berserking, very slightly contaminated, very quick
A: no striking features
a: no special abilities


You were on level 4 of the Dungeon.
You visited 1 branch of the dungeon, and saw 4 of its levels.

You collected 114 gold pieces.

Inventory:

Hand Weapons
 b - a +3 dagger of protection (weapon)
 f - a +0 quarterstaff
 i - a +0 trident
 o - a +0 rapier
Missiles
 a - 27 sling bullets
 c - 64 stones
 m - 3 poisoned darts
Armour
 g - a +0 leather armour (worn)
Wands
 j - a wand of polymorph (10)
Scrolls
 e - a scroll of teleportation
 h - 3 scrolls of summoning
 l - a scroll of blinking
 p - a scroll of amnesia {unknown}
 q - a scroll of fear {unknown}
Potions
 n - a potion of haste


   Skills:
 * Level 1.6 Fighting
 + Level 0.6 Armour
 + Level 3.3 Dodging
 + Level 3.1 Stealth
 * Level 4.0 Spellcasting
 * Level 2.5 Conjurations
 - Level 1.1 Transmutations
 * Level 4.3 Earth Magic


You had 6 spell levels left.
You knew the following spells:

 Your Spells              Type           Power      Damage    Failure   Level
a - Sandblast             Erth           46%        2d11      3%          1
b - Stone Arrow           Conj/Erth      38%        3d9       14%         3
c - Blink                 Tloc           8%         N/A       26%         2

Your spell library contained the following spells:

 Spells                   Type           Power      Damage    Failure   Level
 Passwall                 Tmut/Erth      13%        N/A       9%          2
 Conjure Flame            Conj/Fire      9%         6-21      32%         3
 Ignite Poison            Fire/Tmut/Pois 6%         N/A       43%         3
 Petrify                  Tmut/Erth      16%        N/A       52%         4
 Sticky Flame             Conj/Fire      9%         2d3       71%         4
 Manifold Assault         Tloc           4%         N/A       99%         5
 Storm Form               Tmut/Air       3%         N/A       100%        7


Dungeon Overview and Level Annotations

Branches:
Dungeon (4/15)
 Temple: D:4-7

Altars:
Trog


Message History

Casting: Stone Arrow (quite dangerous; 14% risk of failure)
Confirm with . or Enter, or press ? or * to list all spells.
The spell is quite dangerous to miscast (14% risk of failure)!
Continue anyway?
Aiming: Stone Arrow (quite dangerous; 14% risk of failure)
Press: ? - help, Shift-Dir - straight line, f/p - iguana
Aim: an iguana (moderately wounded, 72% to hit)
Okay, then.
Unknown command.
Casting: Stone Arrow (quite dangerous; 14% risk of failure)
Confirm with . or Enter, or press ? or * to list all spells.
The spell is quite dangerous to miscast (14% risk of failure)!
Continue anyway?
Aiming: Stone Arrow (quite dangerous; 14% risk of failure)
Press: ? - help, Shift-Dir - straight line, f/p - iguana
Aim: an iguana (moderately wounded, 72% to hit)
The stone arrow misses the iguana.
The iguana bites you.
Unknown command.
Casting: Stone Arrow (quite dangerous; 14% risk of failure)
Confirm with . or Enter, or press ? or * to list all spells.
The spell is quite dangerous to miscast (14% risk of failure)!
Continue anyway?
Aiming: Stone Arrow (quite dangerous; 14% risk of failure)
Press: ? - help, Shift-Dir - straight line, f/p - iguana
Aim: an iguana (moderately wounded, 72% to hit)
You miscast Stone Arrow.
Nothing appears to happen.
The iguana bites you!
* * * LOW HITPOINT WARNING * * *
Unknown command.
You feel better. The iguana barely misses you.
Unknown command.
Casting: Stone Arrow (quite dangerous; 14% risk of failure)
Confirm with . or Enter, or press ? or * to list all spells.
The spell is quite dangerous to miscast (14% risk of failure)!
Continue anyway?
Aiming: Stone Arrow (quite dangerous; 14% risk of failure)
Press: ? - help, Shift-Dir - straight line, f/p - iguana
Aim: an iguana (moderately wounded, 72% to hit)
You miscast Stone Arrow.
Nothing appears to happen.
The iguana bites you!
* * * LOW HITPOINT WARNING * * *
Unknown command.
It was a potion of berserk rage.
A red film seems to cover your vision as you go berserk!
You feel yourself moving faster!
You feel mighty! The iguana bites you!
You die...

#.....####...... ...
#...............
...##...............
...........#.......
#..................
####....<............#
#.......[.............
###.............#..[....
......l@......†.#.......
.....##.......(.###.....
... +..........###.....
. ###.....>..........
#...##...#.......
#.....##...#.......
........######......<
......).# ##......
.......(# #####..


You could see an iguana.

Vanquished Creatures
  An orc priest (D:3)
  2 orc wizards (D:3)
  3 adders
  A dart slug (D:1)
  4 worms
  8 orcs
  4 ball pythons
  4 bats
  4 endoplasms
  2 giant cockroaches
  8 hobgoblins
  7 kobolds
  3 quokkas
  2 frilled lizards (D:3)
  12 goblins
  8 rats
73 creatures vanquished.

Notes
Turn   | Place    | Note
-------+----------+-------------------------------------------
     0 | D:1      | Kaptain the Deep Elf Earth Elementalist began the quest for
                  | the Orb.
     0 | D:1      | Reached XP level 1. HP: 10/10 MP: 6/6
   251 | D:1      | Reached XP level 2. HP: 16/16 MP: 6/8
   330 | D:1      | Reached skill level 1 in Conjurations
  1025 | D:2      | Found a faded altar of an unknown god.
  1042 | D:2      | Reached XP level 3. HP: 14/20 MP: 6/9
  1820 | D:2      | Reached skill level 1 in Fighting
  1975 | D:3      | Reached XP level 4. HP: 25/25 MP: 5/11
  2043 | D:3      | Reached XP level 5. HP: 8/29 MP: 6/12
  2580 | D:3      | Noticed a moth of wrath
  2583 | D:3      | Found a bloodstained altar of Trog.
  2764 | D:3      | Learned a level 3 spell: Stone Arrow
  2767 | D:3      | Learned a level 2 spell: Blink
  3161 | D:4      | HP: 1/30 [iguana (11)]
  3166 | D:4      | HP: 1/30 [iguana (8)]
  3167 | D:4      | Mangled by an iguana

Illustrated notes

Levels and vault maps discovered:
D:1:      minmay_arrival_stair_chambers, layout_basic
D:2:      layout_basic, hellmonk_ecumenical_altar_crossroads
D:3:      layout_basic, tgw_trog, minmay_mini_jars
D:4:      cheibrodos_old_hovel, layout_basic, serial_shops,
          nicolae_shop_advertising_works [nicolae_subvault_shop_adworks]

Skill      XL: |  1  2  3  4  5 |
---------------+----------------+-----
Conjurations   | 1 2 |  2.5
Fighting       | 1 |  1.6
Dodging        | 3 |  3.3
Earth Magic    | 4 |  4.3
Stealth        | 3 |  3.1
Spellcasting   | 4 |  4.0
Armour         | |  0.6
Transmutations | |  1.1

Action                   |  1- 3 |  4- 6 || total
-------------------------+-------+-------++-------
Melee: Dagger            |    32 |    15 ||    47
       Punch             |     2 |       ||     2
 Cast: Sandblast         |    44 |    43 ||    87
       Stone Arrow       |       |     1 ||     1
  Use: Potion            |       |     4 ||     4
       Scroll            |       |     8 ||     8
 Stab: Sleeping          |     1 |     2 ||     3
Armor: Leather armour    |    11 |     7 ||    18
Dodge: Dodged            |    32 |    18 ||    50
